 Dungeon Crawl Stone Soup version 0.27.1-1-g398f81649c (webtiles) character file.

Game seed: 3024972841949403129

268 acemry the Stinger (level 6, -14/38 HPs)
             Began as an Octopode Transmuter on Sept 7, 2021.
             Demolished by an ogre (25 damage)
             ... on level 4 of the Dungeon.
             The game lasted 00:12:53 (4624 turns).

acemry the Stinger (Octopode Transmuter)            Turns: 4624, Time: 00:12:54

Health: -14/38     AC:  2    Str:  9    XL:     6   Next: 21%
Magic:  6/9        EV: 19    Int: 18    God:
Gold:   187        SH:  0    Dex: 17    Spells: 1/9 levels left

rFire    . . .     SeeInvis .     - Unarmed
rCold    . . .     Faith    .   (shield currently unavailable)
rNeg     . . .     Spirit   .   (helmet currently unavailable)
rPois    x         Reflect  .   (no amulet)
rElec    .         Harm     .   (no ring)
rCorr    .         Rampage  .   (no ring)
Will     .....                  (no ring)
Stlth    ++........             (no ring)
HPRegen  0.12/turn              (no ring)
MPRegen  0.11/turn              (no ring)
                                (no ring)
                                (no ring)

@: spider-form
A: venomous fangs, almost no armour, (amphibious), 8 rings, tiny, (camouflage
1), (gelatinous body 1), (nimble swimmer 1), (tentacles)
a: End Transformation


You were on level 4 of the Dungeon.
You were a venomous arachnid creature.
You visited 1 branch of the dungeon, and saw 4 of its levels.

You collected 187 gold pieces.

Inventory:

Scrolls
 g - 2 scrolls of enchant armour
Potions
 b - a potion of might {unknown}
 c - 2 potions of resistance
 d - a potion of heal wounds {unknown}
 e - a potion of flight {unknown}
 i - a potion of invisibility {unknown}


   Skills:
 - Level 1.0 Fighting
 - Level 2.0 Dodging
 - Level 3.0 Unarmed Combat
 - Level 2.0 Spellcasting
 + Level 4.3 Transmutations
 * Level 5.2 Poison Magic


You had one spell level left.
You knew the following spells:

 Your Spells              Type           Power      Damage    Failure   Level
a - Beastly Appendage     Tmut           34%        N/A       11%         1
b - Spider Form           Tmut/Pois      9%         N/A       21%         3
c - Ice Form              Ice/Tmut       9%         N/A       78%         4

Your spell library contained the following spells:

 Spells                   Type           Power      Damage    Failure   Level
 Animate Skeleton         Necr           2%         N/A       38%         1
 Pain                     Necr           4%         1d4       38%         1
 Wereblood                Tmut           17%        N/A       14%         2
 Vampiric Draining        Necr           0%         2d6       69%         3


Dungeon Overview and Level Annotations

Branches:
Dungeon (4/15)
 Temple: D:4-7

Altars:

Shops:
D:1 =


Innate Abilities, Weirdness & Mutations

You are a venomous arachnid creature.
You have poisonous fangs.
You are tiny and dextrous.
Your spellcasting is less reliable in this form.
Your armour is entirely melded.
You are incapable of wielding weapons or throwing items.
You cannot wear most types of armour.
((You are amphibious.))
You can wear up to eight rings at the same time.
((Your skin changes colour to match your surroundings (Stealth+).))
((Your rubbery body absorbs attacks. (AC +1, EV +1)))
((You are camouflaged near water. (Stealth+)))
((You have tentacles for arms and can constrict up to eight enemies at once.))


Message History

The ogre misses you.
You hit the ogre.
The ogre is poisoned.
The ogre is lightly wounded.
The ogre completely misses you.
There is a stone staircase leading up here.
You climb upwards.
Your transformation has ended.
There is a stone staircase leading down here.
You start resting.
Magic restored.
Casting: Spider Form (dangerous; 8% risk of failure)
Confirm with . or Enter, or press ? or * to list all spells.
You turn into a venomous arachnid creature.
You climb downwards.
The ogre completely misses you. The ogre hits you with a +0 giant club!
There is a stone staircase leading up here.
You completely miss the ogre.
The ogre is lightly wounded.
You hit the ogre.
The ogre looks even sicker.
The ogre is moderately wounded.
The ogre hits you with a +0 giant club!!
Ouch! That really hurt!
* * * LOW HITPOINT WARNING * * *
You feel better. The ogre misses you.
You see here a +0 spear.
You see here a +0 short sword.
There is an open door here.
Your transformation is almost over.
Your transformation has ended.
The ogre looks more healthy.
There is an open door here.
There is an open door here.
There is an open door here.
There is an escape hatch in the ceiling here.
Casting: Spider Form (dangerous; 8% risk of failure)
Confirm with . or Enter, or press ? or * to list all spells.
You turn into a venomous arachnid creature.
The ogre hits you with a +0 giant club!!
Ouch! That really hurt!
You die...

##'#####.####..###.##..#####
#...#.....#............†....
#...#.....#.................
#...#.....#.................
#...'.....#.................
######...###...###..##.###.#
#.###...###'#####..##.###'#
....................+....'..
..........Os........#....#..
#..####################+##..
#. #.. . #.. #.[ ##. ##


You could see an ogre.

Vanquished Creatures
  A hound (D:4)
  An orc priest (D:4)
  An orc wizard (D:3)
  A hound skeleton (D:4)
  A gnoll (D:4)
  9 adders
  2 worms (D:2)
  A dart slug (D:4)
  3 orcs
  4 endoplasms
  5 giant cockroaches
  5 goblins
  2 hobgoblins
  2 jackals (D:1)
  4 quokkas
  14 ball pythons
  4 bats
  4 frilled lizards
  3 kobolds
  7 rats
74 creatures vanquished.

Notes
Turn   | Place    | Note
-------+----------+-------------------------------------------
     0 | D:1      | acemry the Octopode Transmuter began the quest for the Orb.
     0 | D:1      | Reached XP level 1. HP: 13/13 MP: 3/3
   197 | D:1      | Reached XP level 2. HP: 12/18 MP: 5/5
   680 | D:1      | Found a faded altar of an unknown god.
   875 | D:1      | Reached XP level 3. HP: 20/23 MP: 4/6
   918 | D:1      | Found Ruteol's Jewellery Emporium.
   924 | D:1      | Learned a level 3 spell: Spider Form
  1530 | D:2      | Reached skill level 1 in Poison Magic
  1653 | D:2      | Reached XP level 4. HP: 23/28 MP: 5/7
  1978 | D:2      | Reached skill level 2 in Poison Magic
  2710 | D:3      | Reached skill level 3 in Poison Magic
  2811 | D:3      | Reached XP level 5. HP: 9/33 MP: 6/8
  3253 | D:3      | Reached skill level 4 in Poison Magic
  3528 | D:4      | Learned a level 4 spell: Ice Form
  3897 | D:4      | Noticed an ogre
  4203 | D:4      | Reached skill level 5 in Poison Magic
  4203 | D:4      | Reached XP level 6. HP: 38/38 MP: 5/9
  4582 | D:4      | HP: 1/38 [ogre (20)]
  4624 | D:4      | Demolished by an ogre

Illustrated notes

Levels and vault maps discovered:
D:1:      amcnicky_arrival_single_pillar, layout_rooms, serial_shops, shop,
          chequers_ecumenical_altar_simple_redux
D:2:      layout_basic, minmay_snake_closets
D:3:      layout_basic
D:4:      layout_gridville, dk_noncrumbling_4, minmay_three_crescents

Skill      XL: |  1  2  3  4  5 |
---------------+----------------+-----
Transmutations | 3 4 |  4.3
Poison Magic   | 1 3 5 |  5.2
Fighting       | |  1.0
Dodging        | |  2.0
Unarmed Combat | |  3.0
Spellcasting   | |  2.0

Action                   |  1- 3 |  4- 6 || total
-------------------------+-------+-------++-------
Melee: Unarmed           |    79 |   103 ||   182
       Constrict         |    21 |    12 ||    33
       Tentacles         |     7 |     8 ||    15
       Kick              |    18 |     7 ||    25
 Cast: Beastly Appendage |    27 |    26 ||    53
       Spider Form       |       |    18 ||    18
  Use: Potion            |       |     3 ||     3
       Scroll            |       |     5 ||     5
 Stab: Sleeping          |     3 |     5 ||     8
Armor: Skin              |     6 |     8 ||    14
Dodge: Dodged            |    77 |    74 ||   151
